 Dungeon Crawl Stone Soup version 0.31-a0-810-ga77100ea1a (webtiles) character file.

Game seed: 2224917550307278296

60 thirtiethelement the Vexing (level 3, -3/25 HPs)
             Began as a Demonspawn Enchanter on Sept 21, 2023.
             Slain by Crazy Yiuf
             ... wielding a +2 quarterstaff of chaos
              (9 damage)
             ... on level 2 of the Dungeon.
             The game lasted 00:03:33 (1811 turns).

thirtiethelement the Vexing (Demonspawn Enchanter)  Turns: 1811, Time: 00:03:33

Health: -3/25      AC:  6    Str:  8    XL:     3   Next: 82%
Magic:  1/6        EV: 12    Int: 16    God:
Gold:   124        SH:  0    Dex: 15    Spells: 1/6 levels left

rFire   . . .        a - +1 dagger
rCold   x . .        (no shield)
rNeg    + . .        s - +1 robe of Mekuz {rPois rC- rN+}
rPois   +            (helmet restricted)
rElec   .            (no cloak)
rCorr   .            d - +0 pair of gloves
SInv    .            r - +1 pair of boots
Will    .....        (no amulet)
Stlth   ++           o - ring of wizardry
HPRegen 0.24/turn    (no ring)
MPRegen 0.10/turn

%: wizardry (x1)
@: no status effects
A: antennae 1, spiny 1
a: no special abilities


You were on level 2 of the Dungeon.
You visited 1 branch of the dungeon, and saw 2 of its levels.

You collected 124 gold pieces.

Inventory:

Hand Weapons
 a - a +1 dagger (weapon)
Missiles
 n - 6 javelins (quivered)
Armour
 d - a +0 pair of gloves (worn)
 r - a +1 pair of boots (worn)
 s - the +1 robe of Mekuz (worn) {rPois rC- rN+}
   (You found it on level 2 of the Dungeon)

   rC-:       It makes you vulnerable to cold.
   rPois:     It protects you from poison rN+: It protects you from negative
   energy.
Jewellery
 o - a ring of wizardry (left hand)
Scrolls
 e - 2 scrolls of enchant armour {unknown}
 i - a scroll of fear {unknown}
 k - 2 scrolls of noise {unknown}
 l - a scroll of poison {unknown}
 m - 2 scrolls of identify {unknown}
 p - a scroll of brand weapon {unknown}
 q - a scroll of teleportation {unknown}
Potions
 c - 2 potions of invisibility
 f - a potion of heal wounds {unknown}
 g - 3 potions of curing {unknown}
 h - a potion of attraction {unknown}
 j - 2 potions of degeneration {unknown}


   Skills:
 + Level 0.6 Fighting
 + Level 1.6 Short Blades
 + Level 2.1 Dodging
 + Level 3.3 Stealth
 + Level 2.1 Spellcasting
 + Level 3.5 Hexes


You had one spell level left.
You knew the following spells:

 Your Spells              Type           Power      Damage    Failure   Level
a - Ensorcelled Hibernat  Hex/Ice        14%        N/A       6%          2
b - Tukima's Dance        Hex            12%        N/A       6%          3

Your spell library contained the following spells:

 Spells                   Type           Power      Damage    Failure   Level
 Magic Dart               Conj           4%         1d3       9%          1
 Confusing Touch          Hex            12%        N/A       6%          3
 Searing Ray              Conj           2%         2d4       12%         2
 Dazzling Flash           Conj/Hex       14%        N/A       12%         3
 Fulminant Prism          Conj/Hex       3%         3d5       36%         4


Dungeon Overview and Level Annotations

Branches:
Dungeon (2/15)

Altars:

Annotations:
D:2 Crazy Yiuf


Innate Abilities, Weirdness & Mutations

You have a pair of small antennae on your head.
You are partially covered in sharp spines.


Message History

You impale the jackal!!
You kill the jackal!
You see here a jackal corpse.
You see here a +0 hammer.
You see here a +0 hammer.
Crazy Yiuf shouts!
You open the door.
Cast which spell? (? or * to list)
Aiming: Ensorcelled Hibernation (safe; 6% risk of failure)
Press: ? - help, Shift-Dir - straight line, f - Crazy Yiuf
Aim: Crazy Yiuf, wielding a +2 quarterstaff of chaos and wearing a +0 cloak (chance to affect: 50%) Crazy Yiuf looks drowsy...
The helpless Crazy Yiuf fails to defend himself.
You puncture Crazy Yiuf!
Crazy Yiuf is severely wounded.
Crazy Yiuf is struck by your spines. Crazy Yiuf barely misses you.
Casting: Ensorcelled Hibernation (safe; 6% risk of failure)
Confirm with . or Enter, or press ? or * to list all spells.
Aiming: Tukima's Dance (quite dangerous; 6% risk of failure)
Press: ? - help, Shift-Dir - straight line, f/p - Crazy Yiuf
Aim: Crazy Yiuf, wielding a +2 quarterstaff of chaos and wearing a +0 cloak (severely wounded, chance to affect: 54%) Crazy Yiuf resists with significant effort.
Crazy Yiuf hits you with a +2 quarterstaff of chaos!
Ouch! That really hurt!
Crazy Yiuf freezes you!
* * * LOW HITPOINT WARNING * * *
You barely miss Crazy Yiuf.
Crazy Yiuf is severely wounded.
You barely miss Crazy Yiuf.
Crazy Yiuf is severely wounded.
Crazy Yiuf barely misses you.
You closely miss Crazy Yiuf.
Crazy Yiuf is severely wounded.
Crazy Yiuf is struck by your spines. Crazy Yiuf barely misses you.
You barely miss Crazy Yiuf.
Crazy Yiuf is almost dead.
Crazy Yiuf laughs, "Mama sow blue!"
Crazy Yiuf is struck by your spines.
Crazy Yiuf hits you with a +2 quarterstaff of chaos!
You die...

...<#.# #.####.####...######.....
....#.# #.####....<........#....#
......# #.#......................
....#.###################..#....#
....#....# ####.#..# ....#...##
#..... #######.# ### ##########.#
#.# #)..### ##.)#.#####.# #.#
#...g@####........##.# ######.#
#...##..#.)...)##.##.# #...†..#
### ###.#...####.##.# #.######
#######.##.#... ##.# #.##....#
...# ######### #######.##.....
#### #.##.##.###.##...........
#.......#....[..#.##.....
###.......#.###.#.##.....


You could see Crazy Yiuf.

Vanquished Creatures
  An adder (D:2)
  2 dart slugs (D:1)
  3 bats (D:2)
  3 endoplasms (D:2)
  4 giant cockroaches
  2 hobgoblins
  9 jackals
  2 quokkas (D:2)
  3 ball pythons
  5 frilled lizards
  2 goblins
  5 kobolds
  4 rats
45 creatures vanquished.

Notes
Turn   | Place    | Note
-------+----------+-------------------------------------------
     0 | D:1      | thirtiethelement the Demonspawn Enchanter began the quest
                  | for the Orb.
     0 | D:1      | Reached XP level 1. HP: 13/13 MP: 3/3
   417 | D:1      | Reached skill level 1 in Short Blades
   417 | D:1      | Gained mutation: You have a pair of small antennae on your
                  | head. [demonic ancestry]
   417 | D:1      | Reached XP level 2. HP: 19/19 MP: 5/5
   964 | D:2      | Gained mutation: You are partially covered in sharp spines.
                  | [demonic ancestry]
   964 | D:2      | Reached XP level 3. HP: 11/24 MP: 6/6
   967 | D:2      | Learned a level 2 spell: Ensorcelled Hibernation
  1098 | D:2      | Learned a level 3 spell: Tukima's Dance
  1573 | D:2      | Found a runed translucent door.
  1574 | D:2      | Noticed Crazy Yiuf
  1600 | D:2      | Identified the +1 robe of Mekuz {rPois rC- rN+}
  1811 | D:2      | Slain by Crazy Yiuf

Illustrated notes

Levels and vault maps discovered:
D:1:      elethiomel_arrival_infinity_welcomes_careful_drivers,
          layout_loops_ring
D:2:      layout_loops_cross, minmay_circle_x, uniq_crazy_yiuf_cottage

Skill      XL: |  1  2 |
---------------+-------+-----
Short Blades   | 1 |  1.6
Dodging        | 2 |  2.1
Stealth        | 3 |  3.3
Fighting       | |  0.6
Spellcasting   | |  2.1
Hexes          | |  3.5

Action                     || total
---------------------------++-------
  Melee: Dagger            ||   137
         Punch             ||     1
   Cast: Tukima's Dance    ||     1
         Ensorcelled Hiber ||     1
   Stab: Sleeping          ||     9
         Distracted        ||     1
 Armour: Robe              ||    53
  Dodge: Dodged            ||    78

Table legend: (Time is in decaauts)
 A = Elapsed time spent in this place.
 B = Non-inter-level travel time spent in this place.
 C = Inter-level travel time spent in this place.
 D = Time resting spent in this place.
 E = Time spent auto-exploring this place.
 F = Levels seen in this place.
 G = Mean time per level.
                   A        B        C        D        E       F      G
               +--------+--------+--------+--------+--------+-----+--------+
         Total |   1802 |   1776 |     26 |      0 |   1412 |   2 |  901.0 |
       Dungeon |   1802 |   1776 |     26 |      0 |   1412 |   2 |  901.0 |
               +--------+--------+--------+--------+--------+-----+--------+

Top non-repeatable levels by time:
     D:1: 937 daAuts
     D:2: 865 daAuts
